Selects Australian Defense Battlegroup
Selects Australian Light Infantry Section
Australian Light Infantry Section
Australian Light Infantry Section
Construct Field Infirmary
Australian Light Infantry Section
Selects 2-pounder Anti-tank Gun Team
2-pounder Anti-tank Gun Team
Construct Section Command Post
Construct Platoon Command Post
Construct Company Command Post
Selects CMP 15cwt Supply Run
Unlock M3 Grant Medium Tanks
Selects Reinforced Resource Caches
Selects Charged Creeping Barrage